AoeStats
← Amor Fati

African Clearing

505715586Analyzed
2v2 RM · 22d ago on Sep 10, 2026· 33m 52s· 4 players
Game mode
Random Map
Map size
Medium (4 player)
Population
200
Speed
Normal
Resources
Standard
Victory
Conquest
Starting age
Dark Age
Ending age
Imperial Age
RankedLock teamsTeams togetherTeam positionsShared explorationLock speedFull tech treeHidden civsTurbo modeCheats
Victory
Defeat
🇪🇸 Persians · Spain
1164
+18
🇪🇸 Ethiopians · Spain
1164
+18
🇳🇱 Georgians · Netherlands
1220
-19
🇳🇱 Huns · Netherlands
1191
-17
Quatus
12:40 Feudal Age
10:58 Loom
13:16 Double-Bit Axe
19:29 Fletching
21:56 Padded Archer Armor
27:21 Castle Age
26:37 Horse Collar
27:38 Crossbowman
28:25 Thumb Ring
29:20 Wheelbarrow
28:58 Bow Saw
29:58 Bodkin Arrow
31:46 Leather Archer Armor
32:35 Gold Mining
Ganathor-Man
10:13 Loom
10:49 Loom
12:37 Feudal Age
13:28 Double-Bit Axe
14:53 Horse Collar
24:48 Castle Age
23:26 Bloodlines
23:23 Scale Barding Armor
23:29 Forging
25:39 Chain Barding Armor
27:51 Husbandry
29:57 Iron Casting
34:56 Wheelbarrow
34:27 Heavy Plow
Slowcookerfastshooter
4:45 Loom
14:09 Feudal Age
20:58 Castle Age
19:25 Double-Bit Axe
20:17 Scale Barding Armor
20:22 Stone Mining
Amor Fati
4:06 Loom
13:54 Feudal Age
18:24 Castle Age
17:02 Gold Mining
17:15 Fletching
17:48 Double-Bit Axe
19:28 Elite Skirmisher
22:20 Bloodlines
25:08 Horse Collar
25:43 Bow Saw
31:19 Scale Barding Armor
32:37 Forging
Connection lost

Rejoining the realm…

Still unreachable

The connection could not be restored.

Session expired

The server has moved on; the page needs a fresh start.